 Dungeon Crawl Stone Soup version 0.32-a0-814-g0968bab981 (webtiles) character file.

Game seed: 8768961794659166033

11004 Essalna the Thaumaturge (level 11, -2/66 HPs)
             Began as a Deep Elf Fire Elementalist on Mar 22, 2024.
             Was a Priest of Vehumet.
             Slain by a minotaur
             ... wielding a +0 mace
              (11 damage)
             ... in a Gauntlet.
             The game lasted 00:25:13 (12174 turns).

Essalna the Thaumaturge (DEFE)                     Turns: 12174, Time: 00:25:13

Health: -2/66      AC: 14    Str:  5    XL:     11   Next: 43%
Magic:  28/28      EV: 13    Int: 25    God:    Vehumet [***...]
Gold:   514        SH:  5    Dex: 15    Spells: 20/32 levels left

rFire   + + +        v - +0 hand axe of Eminent Domain {elec, rPois rF++ Will+ Int-3}
rCold   + + .        x - +0 buckler
rNeg    . . .        L - +2 robe {Will+}
rPois   +            o - +0 helmet {Int+3}
rElec   +            j - +2 cloak
rCorr   +            n - +1 Delatra's gloves {ID++}
SInv    +            (no boots)
Will    +++..        y - amulet of the acrobat
Stlth   ++           F - ring of Ekyna {+Blink AC+4 SInv}
HPRegen 0.31/turn    K - ring of protection from cold
MPRegen 0.21/turn

%: no teleportation, acrobat
@: resistant, attractive, invisible
A: no striking features
a: Renounce Religion, Evoke Blink


You were in a Gauntlet.
You worshipped Vehumet.
Vehumet was most pleased with you.
You visited 3 branches of the dungeon, and saw 11 of its levels.
You also visited: Gauntlet.

You collected 666 gold pieces.
You spent 152 gold pieces at shops.

Inventory:

Hand Weapons
 r - a +0 short sword of freezing
 v - the +0 hand axe of Eminent Domain (weapon) {elec, rPois rF++ Will+ Int-3}
   (You bought it in a shop on level 4 of the Dungeon)

   Int-3:     It affects your intelligence (-3).
   rF++:      It greatly protects you from fire.
   rPois:     It protects you from poison.
   Will+:     It increases your willpower.
 N - a +3 dagger of venom
Armour
 a - a +0 robe
 f - a +0 cloak
 j - a +2 cloak (worn)
 n - the +1 Delatra's gloves (worn) {ID++}
   (You found it on level 2 of the Dungeon)

   ID++:      It heals its wearer when they drink unknown potions, and restores
   their MP when they read unknown scrolls.
 o - a +0 helmet of intelligence (worn)
 x - a +0 buckler (worn)
 L - a +2 robe of willpower (worn)
 M - a +0 helmet
Magical Staves
 u - a staff of earth
Jewellery
 p - a ring of willpower
 q - a ring of positive energy
 t - an amulet of faith
 y - an amulet of the acrobat (around neck)
 D - a ring of poison resistance
 F - the ring of Ekyna (left hand) {+Blink AC+4 SInv}
   (You found it in a Gauntlet)

   [ring of protection]

   AC+4:      It affects your AC (+4).
   SInv:      It lets you see invisible.
   +Blink:    It lets you blink.
 K - a ring of protection from cold (right hand)
Wands
 k - a wand of warping (2)
 C - a wand of flame (19)
 E - a wand of polymorph (16)
 G - a wand of digging (4)
 Q - a wand of quicksilver (4)
Scrolls
 c - 2 scrolls of vulnerability
 e - 7 scrolls of identify
 h - 6 scrolls of teleportation
 B - 5 scrolls of poison
 H - a scroll of enchant weapon
 O - a scroll of enchant armour {unknown}
Potions
 b - a potion of magic
 d - a potion of berserk rage {unknown}
 g - a potion of invisibility
 i - 3 potions of haste {unknown}
 l - 3 potions of mutation {unknown}
 m - 3 potions of curing
 s - 2 potions of degeneration {unknown}
 w - a potion of lignification {unknown}
 z - a potion of resistance
 A - 2 potions of attraction
 I - 2 potions of enlightenment {unknown}
 P - a potion of heal wounds


   Skills:
 + Level 6.6 Fighting
 - Level 4.0 Armour
 - Level 6.0 Dodging
 - Level 2.4 Stealth
 - Level 4.0 Shields
 + Level 11.0 Spellcasting
 + Level 8.9 Conjurations
 + Level 9.6 Fire Magic


You had 20 spell levels left.
You knew the following spells:

 Your Spells              Type           Power      Damage    Failure   Level
a - Foxfire               Conj/Fire      100%       2x1d9     1%          1
b - Scorch                Fire           100%       2d9       1%          2
c - Flame Wave            Conj/Fire      57%        2d14      1%          4
d - Irradiate             Conj/Alch      18%        3d17      10%         5

Your spell library contained the following spells:

 Spells                   Type           Power      Damage    Failure   Level
 Momentum Strike          Conj/Tloc      72%        3d10      1%          2
 Inner Flame              Hex/Fire       37%        N/A       1%          3
 Stone Arrow              Conj/Erth      72%        3d11      1%          3
 Volatile Blastmotes      Fire/Tloc      74%        2d16      1%          3
 Sandblast                Erth           26%        2d8       2%          1
 Brom's Barrelling Bould  Conj/Erth      36%        2d6       3%          4
 Call Imp                 Summ           26%        N/A       12%         2
 Sublimation of Blood     Necr           13%        N/A       12%         2
 Olgreb's Toxic Radiance  Alch           13%        N/A       19%         4
 Fugue of the Fallen      Necr           13%        N/A       22%         3
 Ozocubu's Armour         Ice            13%        N/A       22%         3
 Manifold Assault         Tloc           13%        N/A       58%         4
 Petrify                  Alch/Erth      13%        N/A       58%         4
 Ozocubu's Refrigeration  Ice            6%         4d8       100%        7
 Summon Hydra             Summ           6%         N/A       100%        7
 Discord                  Hex            6%         N/A       100%        8


Dungeon Overview and Level Annotations

Branches:
Dungeon (9/15)             Temple (1/1) D:5            Lair (1/5) D:8
Gauntlet (1/1)
    Orc: D:9-12

Altars:
Ashenzari
Cheibriados
Dithmenos
Elyvilon
Fedhas
Gozag
Hepliaklqana
Kikubaaqudgha
Makhleb
Nemelex Xobeh
Okawaru
Qazlal
Ru
Sif Muna
Trog
Uskayaw
Vehumet
Wu Jian
Xom
Yredelemnul
Zin
The Shining One

Shops:
D:4 (

Annotations:
D:4 3 runed translucent doors, topfpfpflanze's ghost, amateur OpCj
D:9 Erolcha Gauntlet 8 transporters, 1 runed translucent door


Message History

A wave of flame ripples out!
The flame wave engulfs the minotaur!
The minotaur is burned terribly!
The minotaur is heavily wounded.
You finish channelling waves of flame.
The minotaur is no longer more vulnerable to fire.
The minotaur completely misses you. You block the minotaur's attack.
Casting: Flame Wave (safe; 1% risk of failure)
Confirm with . or Enter, or press ? or * to list all spells.
Casting: Flame Wave (safe; 1% risk of failure)
Press: ? - help, Dir - look around, f - activate A wave of flame ripples out!
The flame wave engulfs the minotaur.
The minotaur is heavily wounded. (Press . to intensify the flame waves.)
The minotaur hits you with a +0 mace!!
* * * LOW HITPOINT WARNING * * *
The minotaur gores you but does no damage.
It was a potion of resistance.
You feel protected.
The energy of discovery flows from your fingertips!
You feel much better. The minotaur hits you with a +0 mace!!
* * * LOW HITPOINT WARNING * * *
The minotaur gores you but does no damage.
It was a potion of heal wounds.
You feel much better.
The energy of discovery flows from your fingertips!
You feel much better. The minotaur hits you with a +0 mace!
The minotaur gores you.
Casting: Flame Wave (safe; 1% risk of failure)
Confirm with . or Enter, or press ? or * to list all spells.
Flames lash the minotaur but do no damage.
The minotaur closely misses you. The minotaur barely misses you.
Casting: Scorch (safe; 1% risk of failure)
Confirm with . or Enter, or press ? or * to list all spells.
Flames lash the minotaur.
The minotaur is severely wounded.
The minotaur's fire resistance burns away.
The minotaur hits you with a +0 mace! The minotaur closely misses you.
Magic courses through your body. The minotaur hits you with a +0 mace!
* * * LOW HITPOINT WARNING * * *
The minotaur gores you!
You die...

##+### #.⌠..#
#...⌠+ ⌠... ..∩ #.#
#######'#######
#....@H.......#
#.###.###.###.#
............#
#.###.###.###
#####.###.###.#####
.................#
#.♣.♣.©.©.©.©.♣.♣.#
.................#
### ### ###
#################
###


You could see a minotaur (unable to see you, combustible).

Vanquished Creatures
  A two-headed ogre (D:9)
  Pikel (D:7)
  3 meliai (Gauntlet)
  Maggie (D:8)
  A torpor snail (Lair:1)
  A hornet (D:8)
  Prince Ribbit (D:8)
  A wraith (D:9)
  18 yaks
  2 steam dragons (D:8)
  A basilisk (Lair:1)
  A neqoxec (Gauntlet)
  A chaos spawn (Gauntlet)
  2 swamp worms (Gauntlet)
  2 water moccasins
  An acid dragon (D:8)
  2 orc warriors (D:9)
  10 black bears
  2 ogres
  A centaur (D:8)
  3 lemures
  3 kobold brigands (D:9)
  A phantom (D:4)
  3 bullfrogs
  5 scorpions
  11 wights
  7 killer bees
  3 howler monkeys
  2 jellies (D:5)
  3 orc priests
  3 bombardier beetles
  4 hounds
  A gnoll bouda (D:7)
  An iguana (D:4)
  9 orc wizards
  Robin (D:4)
  4 adders
  10 gnolls
  2 shadow imps
  3 white imps (D:5)
  An ufetubus (D:5)
  3 dart slugs
  A ribbon worm (D:3)
  27 orcs
  5 ball pythons
  4 bats
  6 endoplasms
  4 giant cockroaches
  15 goblins
  14 hobgoblins
  2 jackals (D:4)
  4 quokkas
  2 frilled lizards (D:1)
  16 kobolds
  3 rats
239 creatures vanquished.

Vanquished Creatures (collateral kills)
  14 foxfires (D:2)
14 creatures vanquished.

Vanquished Creatures (others)
  A human (D:4)
  954 foxfires
955 creatures vanquished.

Grand Total: 1208 creatures vanquished

Notes
Turn   | Place    | Note
-------+----------+-------------------------------------------
     0 | D:1      | Essalna the Deep Elf Fire Elementalist began the quest for
                  | the Orb.
     0 | D:1      | Reached XP level 1. HP: 10/10 MP: 6/6
   323 | D:1      | Reached XP level 2. HP: 15/15 MP: 2/8
   820 | D:1      | Reached XP level 3. HP: 19/19 MP: 7/10
  1021 | D:1      | Learned a level 2 spell: Scorch
  1455 | D:2      | Reached skill level 4 in Spellcasting
  1534 | D:2      | Found the +1 Delatra's gloves {ID++}
  1762 | D:2      | Reached XP level 4. HP: 24/24 MP: 4/12
  2117 | D:2      | Reached skill level 1 in Fighting
  2853 | D:3      | Reached XP level 5. HP: 29/29 MP: 11/13
  3439 | D:4      | Found a runed translucent gate.
  3439 | D:4      | Found a runed translucent gate.
  3440 | D:4      | Found a runed translucent gate.
  3441 | D:4      | Noticed topfpfpflanze's ghost (amateur OpCj)
  3451 | D:4      | Found a sacrificial altar of Ru.
  3520 | D:4      | Found a basalt altar of Yredelemnul.
  3752 | D:4      | Noticed Robin
  3760 | D:4      | Killed Robin
  3761 | D:4      | Reached skill level 5 in Spellcasting
  3766 | D:4      | Reached XP level 6. HP: 35/35 MP: 1/15
  3898 | D:4      | Found a blossoming altar of Fedhas.
  3982 | D:4      | Reached skill level 5 in Fire Magic
  4067 | D:4      | Reached XP level 7. HP: 40/40 MP: 6/17
  4143 | D:4      | Found Wooca's Antique Weapon Shoppe.
  4172 | D:4      | Bought a pitted hand axe for 152 gold pieces
  4172 | D:4      | Identified the +0 hand axe of Eminent Domain {elec, rPois
                  | rF++ Will+ Int-3} (You bought it in a shop on level 4 of
                  | the Dungeon)
  4420 | D:4      | Learned a level 4 spell: Flame Wave
  4577 | D:4      | Found an ancient bone altar of Kikubaaqudgha.
  4578 | D:4      | Noticed a human
  4580 | D:4      | Killed a human
  4657 | D:5      | Entered Level 5 of the Dungeon
  4905 | D:5      | Reached skill level 6 in Spellcasting
  5218 | D:5      | Reached skill level 1 in Shields
  5420 | D:5      | Found a staircase to the Ecumenical Temple.
  5477 | Temple   | Entered the Ecumenical Temple
  5488 | Temple   | Became a worshipper of Vehumet
  5970 | D:5      | Reached skill level 5 in Conjurations
  5970 | D:5      | Reached XP level 8. HP: 40/46 MP: 8/20
  6817 | D:6      | Reached skill level 7 in Spellcasting
  7175 | D:7      | Reached skill level 1 in Armour
  7579 | D:7      | Found a glowing silver altar of Zin.
  7733 | D:7      | Noticed Pikel
  7950 | D:7      | Killed Pikel
  7951 | D:7      | Reached XP level 9. HP: 43/52 MP: 8/22
  8208 | D:7      | Noticed a boulder beetle
  8544 | D:8      | Reached * piety under Vehumet
  8544 | D:8      | Offered knowledge of Kiss of Death by Vehumet.
  8646 | D:8      | Reached skill level 8 in Spellcasting
  8651 | D:8      | Reached skill level 5 in Dodging
  8903 | D:8      | Found an opulent altar of Gozag.
  9021 | D:8      | Found a radiant altar of Vehumet.
  9021 | D:8      | Noticed Prince Ribbit
  9029 | D:8      | Killed Prince Ribbit
  9030 | D:8      | Reached XP level 10. HP: 40/58 MP: 12/24
  9189 | D:8      | Reached skill level 5 in Fighting
  9232 | D:8      | Noticed Maggie
  9245 | D:8      | Killed Maggie
  9654 | D:8      | Reached skill level 9 in Spellcasting
  9849 | D:8      | Found a staircase to the Lair.
  9966 | D:8      | Reached ** piety under Vehumet
  9966 | D:8      | Offered knowledge of Shock by Vehumet.
 10378 | D:9      | Noticed a two-headed ogre
 10387 | D:9      | Killed a two-headed ogre
 10388 | D:9      | Reached skill level 10 in Spellcasting
 10778 | D:9      | Offered knowledge of Momentum Strike by Vehumet.
 10779 | D:9      | Reached XP level 11. HP: 45/64 MP: 23/27
 10857 | D:9      | Found a white marble altar of Elyvilon.
 10998 | D:9      | Found a sparkling altar of Nemelex Xobeh.
 11151 | D:9      | Noticed Erolcha
 11301 | Lair:1   | Entered Level 1 of the Lair of Beasts
 11464 | Lair:1   | Found a gate leading to a gauntlet.
 11474 | Gauntlet | Entered a Gauntlet
 11474 | Gauntlet | Found a transporter.
 11474 | Gauntlet | Found a runed translucent gate.
 11474 | Gauntlet | Found a runed translucent gate.
 11474 | Gauntlet | Found a runed translucent gate.
 11548 | Gauntlet | Found a transporter.
 11550 | Gauntlet | Found a transporter.
 11555 | Gauntlet | Found a runed translucent door.
 11555 | Gauntlet | Found a runed translucent door.
 11560 | Gauntlet | Found a transporter.
 11563 | Gauntlet | Found a transporter.
 11572 | Gauntlet | Found a transporter.
 11588 | Gauntlet | Found a transporter.
 11599 | Gauntlet | Found a transporter.
 11602 | Gauntlet | Noticed a brown ugly thing
 11606 | Gauntlet | Noticed a glowing orange brain
 11611 | Gauntlet | Found a transporter.
 11616 | Gauntlet | Found a transporter.
 11616 | Gauntlet | Found a transporter.
 11644 | Gauntlet | Found a transporter.
 11644 | Gauntlet | Found a transporter.
 11698 | Gauntlet | Found a transporter.
 11855 | Gauntlet | Reached *** piety under Vehumet
 11925 | Gauntlet | Reached skill level 11 in Spellcasting
 12122 | Gauntlet | Identified the ring of Ekyna {+Blink AC+4 SInv}
 12140 | Gauntlet | Learned a level 5 spell: Irradiate
 12153 | Gauntlet | Identified the +1 plate armour of Complete Protection
                  | {Str+2 Dex+3}
 12153 | Gauntlet | Noticed a minotaur
 12174 | Gauntlet | Slain by a minotaur

Illustrated notes

Levels and vault maps discovered:
D:1:      nagdon_arrival_zigzag_paths, layout_basic
D:2:      minmay_angry_zag, layout_basic, serial_forest,
          infiniplex_forest_lined_3_way, infiniplex_forest_zigzag_1,
          infiniplex_forest_clump_double, infiniplex_forest_join,
          infiniplex_forest_clump_diagonal, infiniplex_forest_clump_small,
          infiniplex_forest_lined_3, hex_tiny, pf_guarded_unrand_delatra
D:3:      layout_loops_ring, minmay_misc_feat_pillars, minmay_ruptured
D:4:      layout_basic, amcnicky_altar_gilded, tgw_kikubaaqudgha,
          fedhas_altar_decomposition, yredelemnul_altar_generic, serial_shops,
          shop, ebering_ghost_rock_garden, uniq_robin
D:5:      layout_layer_cave, minmay_temple_entry_gardened_gates, serial_demonic,
          serial_demonic_f, serial_demonic_a, serial_demonic_e, serial_demonic_b
D:6:      layout_loops_ring
D:7:      minmay_cornered_nines, layout_rooms, zin_statuary, uniq_pikel
D:8:      layout_cave_pods, mainiacjoe_overflow_alcove_4,
          due_lair_maze_entry_diamond, serial_park, serial_park_tiny_pond,
          serial_park_avenue1, serial_park_tiny_pond, serial_park_square3
          [serial_park_minivault_5x5_4], uniq_maggie, uniq_prince_ribbit1
D:9:      layout_roguey, lemuel_coloured_pillars_altar, elyvilon_altar_5,
          uniq_erolcha
Temple:   nicolae_temple_great_sept
Lair:1:   layout_concentric_octagons, gauntlet_entry_generic
Gauntlet: minmay_gauntlet_77_tree [minmay_gauntlet_arena_77_run_for_it,
          minmay_gauntlet_arena_77_double_cross,
          minmay_gauntlet_arena_77_shame_cube,
          minmay_gauntlet_arena_77_hold_the_fort, minmay_gauntlet_arena_77_box,
          minmay_gauntlet_arena_77_squiggly, minmay_gauntlet_arena_77_two_paths,
          gauntlet_exit_hidden_loot]

Skill      XL: |  1  2  3  4  5  6  7  8  9 10 11 |
---------------+----------------------------------+-----
Conjurations   | 2 3 4 5 6 8 |  8.9
Spellcasting   | 4 5 6 7 8 10 11 | 11.0
Fire Magic     | 4 5 6 7 8 9 |  9.6
Fighting       | 1 2 3 4 6 |  6.6
Shields        | 1 3 4 |  4.0
Armour         | 2 3 4 |  4.0
Dodging        | 4 5 6 |  6.0
Stealth        | |  2.4

Action                     |  1- 3 |  4- 6 |  7- 9 | 10-12 || total
---------------------------+-------+-------+-------+-------++-------
  Melee: Unarmed           |    14 |    13 |       |       ||    27
         Short sword       |       |     1 |       |       ||     1
         Hand axe          |       |       |    63 |    36 ||    99
   Cast: Foxfire           |    77 |   151 |   184 |   143 ||   555
         Scorch            |     4 |       |    38 |    44 ||    86
         Flame Wave        |       |       |     4 |    20 ||    24
    Use: Scroll            |     1 |       |     2 |     8 ||    11
         Potion            |       |       |       |     6 ||     6
   Stab: Sleeping          |       |       |     1 |       ||     1
 Armour: Robe              |    32 |    16 |    97 |    89 ||   234
  Dodge: Dodged            |    18 |     7 |    98 |    87 ||   210
  Block: Buckler           |       |       |    26 |    22 ||    48

Table legend: (Time is in decaauts)
 A = Elapsed time spent in this place.
 B = Non-inter-level travel time spent in this place.
 C = Inter-level travel time spent in this place.
 D = Time resting spent in this place.
 E = Time spent auto-exploring this place.
 F = Levels seen in this place.
 G = Mean time per level.
                   A        B        C        D        E       F      G
               +--------+--------+--------+--------+--------+-----+--------+
         Total |  12214 |  11716 |    498 |    359 |   9598 |  12 | 1017.8 |
       Dungeon |  11313 |  10930 |    383 |    109 |   9299 |   9 | 1257.0 |
        Temple |     22 |      2 |     20 |      0 |      0 |   1 |   22.0 |
          Lair |    180 |     85 |     95 |      0 |      0 |   1 |  180.0 |
      Gauntlet |    697 |    697 |      0 |    250 |    299 |   1 |  697.0 |
               +--------+--------+--------+--------+--------+-----+--------+

Top non-repeatable levels by time:
     D:8: 1959 daAuts
     D:5: 1738 daAuts
     D:4: 1293 daAuts
     D:2: 1168 daAuts
     D:1: 1168 daAuts
     D:7: 1057 daAuts
     D:3: 1032 daAuts
     D:9: 981 daAuts
     D:6: 913 daAuts
Gauntlet: 697 daAuts
  Lair:1: 180 daAuts
  Temple: 22 daAuts
